 Dungeon Crawl Stone Soup version 0.22.1-6-g1668fe2 (webtiles) character file.

431 Kairos the Cudgeler (level 7, -4/37 HPs)
             Began as a Vine Stalker Fighter on Jan 16, 2019.
             Slain by an ogre
             ... wielding a +0 giant club
              (8 damage)
             ... on level 3 of the Dungeon.
             The game lasted 00:05:26 (2074 turns).

Kairos the Cudgeler (Vine Stalker Fighter)          Turns: 2074, Time: 00:05:26

Health: -4/37      AC:  6    Str: 23    XL:     7   Next: 0%
Magic:  0/8        EV:  8    Int:  8    God:
Gold:   84         SH: 10    Dex: 13    Spells: 6/6 levels left

rFire    . . .     SeeInvis .   a - +1 flail
rCold    . . .     Gourm    .   c - +0 shield
rNeg     . . .     Faith    .   b - +0 scale mail
rPois    .         Spirit   +   (no helmet)
rElec    .         Reflect  .   (no cloak)
rCorr    .         Harm     .   (no gloves)
MR       +....     Clarity  +   (no boots)
Stlth    +.........             (no amulet)
HPRegen  0.52/turn              j - ring of stealth
MPRegen  0.11/turn              (no ring)

@: no status effects
A: fangs 2, clarity, magic resistance 1, regeneration 1, strong 1, magic shield,
antimagic bite, no potion heal 3, rot immunity
a: no special abilities


You were on level 3 of the Dungeon.
You were hungry.

You visited 1 branch of the dungeon, and saw 3 of its levels.
You also visited: Sewer.

You collected 84 gold pieces.

Inventory:

Hand Weapons
 a - a +1 flail (weapon)
 d - a cursed -1 whip
Armour
 b - a +0 scale mail (worn)
 c - a +0 shield (worn)
Jewellery
 j - a ring of stealth (left hand)
Scrolls
 g - 2 scrolls of identify
 h - a scroll of fear
 i - a scroll of random uselessness
Potions
 e - a potion of heal wounds
 k - 3 potions of flight
Comestibles
 f - 4 rations


   Skills:
 + Level 3.7 Fighting
 + Level 4.0 Maces & Flails
 + Level 3.5 Armour
 + Level 1.3 Dodging
 + Level 0.2 Stealth
 + Level 3.9 Shields


You had 6 spell levels left.
You didn't know any spells.
Your spell library was empty.

Dungeon Overview and Level Annotations

Branches:
Dungeon (3/15)

Altars:
Nemelex Xobeh


Innate Abilities, Weirdness & Mutations

You have extremely sharp teeth.
Your natural rate of healing is unusually fast.
When hurt, damage is shared between your health and your magic reserves.
Your bite disrupts and absorbs the magic of your enemies.
Potions cannot restore your health.
You are immune to rotting.
You possess an exceptional clarity of mind.
You are resistant to hostile enchantments. (MR+)
Your muscles are strong. (Str +2)


Message History

You closely miss the gnoll shaman.
The gnoll shaman is almost dead.
You block the gnoll's attack.
The gnoll shaman invokes the aid of its god against you.
You resist with almost no effort. The gnoll hits you but does no damage.
The gnoll shaman hits you but does no damage.
The jackal barks!
You sock the gnoll shaman!
You kill the gnoll shaman!
Your Maces & Flails skill increases to level 4!
You have reached level 7!
The gnoll hits you from afar with a spear.
* * * LOW HITPOINT WARNING * * *
The gnoll hits you from afar with a spear.
* * * LOW HITPOINT WARNING * * *
Okay, then.
You thump the ogre!
The ogre is moderately wounded.
The ogre hits you with a giant club!
You die...

≈≈≈≈≈≈....# .......
....P.....# .......
#....)##### .......
####).÷...####.......
###.##.......⌠.⌠.#
####h##........_..#
###g.g....####.#⌠.⌠.#
## #...##O#### ...
#.#
.##########g####@#
##g.#
..#.g.g))g).####.#
#g#
#)#O##########...#
g.. #g...# #.### ...
.....# #.# ..
.###...### ##.#
...#####.####..#
##.####....##.##
≈#....##.#..#.#


You could see an ogre, a gnoll and a jackal.

Vanquished Creatures
  A big kobold (Sewer)
  A gnoll shaman (D:3)
  An orc wizard (D:3)
  A worker ant (D:3)
  17 gnolls (D:3)
  3 river rats
  An ooze (D:2)
  2 dart slugs
  2 worms (D:3)
  2 leopard geckos
  2 orcs (D:3)
  2 ball pythons (D:3)
  2 giant cockroaches
  4 goblins
  7 hobgoblins
  13 jackals
  10 kobolds
  5 bats
  A frilled lizard (D:2)
  11 rats
88 creatures vanquished.

Notes
Turn   | Place    | Note
-------+----------+-------------------------------------------
     0 | D:1      | Kairos the Vine Stalker Fighter began the quest for the
                  | Orb.
     0 | D:1      | Reached XP level 1. HP: 11/11 MP: 2/2
    96 | D:1      | Reached XP level 2. HP: 13/16 MP: 3/3
   664 | D:2      | Reached XP level 3. HP: 19/20 MP: 2/4
   671 | D:2      | Reached skill level 2 in Maces & Flails
  1150 | D:2      | Gained mutation: You are resistant to hostile enchantments.
                  | (MR+) [potion of mutation]
  1150 | D:2      | Gained mutation: Your muscles are strong. (Str +2) [potion
                  | of mutation]
  1150 | D:2      | Gained mutation: You possess an exceptional clarity of
                  | mind. [potion of mutation]
  1228 | D:3      | Gained mutation: Your natural rate of healing is unusually
                  | fast. [Vine Stalker growth]
  1228 | D:3      | Reached XP level 4. HP: 24/24 MP: 5/5
  1240 | D:3      | Found a glowing drain.
  1270 | Sewer    | Entered a sewer
  1375 | Sewer    | Noticed a big kobold
  1394 | Sewer    | Killed a big kobold
  1394 | Sewer    | Reached skill level 3 in Maces & Flails
  1394 | Sewer    | Reached skill level 1 in Dodging
  1394 | Sewer    | Reached XP level 5. HP: 24/28 MP: 4/6
  1438 | Sewer    | Found a glowing silver altar of Zin.
  1665 | D:3      | Reached XP level 6. HP: 16/32 MP: 7/7
  1856 | D:3      | Found a sparkling altar of Nemelex Xobeh.
  2073 | D:3      | Reached skill level 4 in Maces & Flails
  2073 | D:3      | Reached XP level 7. HP: 7/37 MP: 8/8
  2074 | D:3      | Slain by an ogre

Skill      XL: |  1  2  3  4  5  6 |
---------------+-------------------+-----
Fighting       | 3 |  3.7
Shields        | 3 |  3.9
Maces & Flails | 2 3 4 |  4.0
Armour         | 3 |  3.5
Dodging        | 1 |  1.3
Stealth        | |  0.2

Action                   |  1- 3 |  4- 6 |  7- 9 || total
-------------------------+-------+-------+-------++-------
Melee: Flail             |   109 |   175 |     1 ||   285
       Bite              |    29 |    50 |       ||    79
  Use: Scroll            |     7 |       |       ||     7
       Potion            |     2 |     4 |       ||     6
  Eat: Chunk             |       |     4 |       ||     4
Armor: Scale mail        |    52 |    80 |       ||   132
Dodge: Dodged            |    39 |    55 |       ||    94
Block: Shield            |    58 |   119 |       ||   177
